 Dungeon Crawl Stone Soup version 0.30-a0-1104-g706747fef1 (webtiles) character file.

Game seed: 13976617960611104440

13668 Ijustatesigmund the Thaumaturge (level 11, -7/59 HPs)
             Began as a Deep Elf Earth Elementalist on Apr 19, 2023.
             Was a Priest of Vehumet.
             Mangled by Snorg (11 damage)
             ... on level 11 of the Dungeon.
             The game lasted 00:47:48 (17867 turns).

Ijustatesigmund the Thaumaturge (DEEE)             Turns: 17867, Time: 00:47:48

Health: -7/59      AC:  7    Str:  5    XL:     11   Next: 78%
Magic:  24/30      EV: 13    Int: 25    God:    Vehumet [***...]
Gold:   616        SH:  0    Dex: 15    Spells: 21/37 levels left

rFire   . . .      SeeInvis .    d - +2 hand crossbow (freeze)
rCold   . . .      Faith    .    (no shield)
rNeg    . . .      Spirit   .    I - +0 troll leather armour
rPois   .          Reflect  .    (no helmet)
rElec   .          Rampage  .    l - +0 cloak
rCorr   +                        D - +0 pair of gloves
Will    +....                    q - +0 pair of boots
Stlth   ++                       (no amulet)
HPRegen 1.09/turn                z - ring of wizardry
MPRegen 0.22/turn                E - ring of resist corrosion

@: studying Invocations
A: no striking features
a: Renounce Religion


You were on level 11 of the Dungeon.
You worshipped Vehumet.
Vehumet was most pleased with you.
You visited 2 branches of the dungeon, and saw 12 of its levels.
You also visited: Ossuary.

You collected 640 gold pieces.
You spent 24 gold pieces at shops.

Inventory:

Hand Weapons
 c - a +0 short sword
 d - a +2 hand crossbow of freezing (weapon)
Armour
 a - +0 steam dragon scales
 h - a +1 pair of gloves
 l - a +0 cloak (worn)
 q - a +0 pair of boots (worn)
 D - a +0 pair of gloves (worn)
 F - +0 swamp dragon scales
 I - a +0 troll leather armour (worn)
Jewellery
 z - a ring of wizardry (left hand)
 B - a ring of positive energy
 C - an amulet of faith
 E - a ring of resist corrosion (right hand)
Wands
 r - a wand of mindburst (17)
 v - a wand of flame (23)
 A - a wand of digging (8)
Scrolls
 e - 6 scrolls of teleportation
 i - a scroll of magic mapping
 o - 2 scrolls of vulnerability
 w - 4 scrolls of amnesia
 x - 2 scrolls of poison
 y - a scroll of fear
 G - a scroll of fog
Potions
 b - 5 potions of magic
 f - 7 potions of curing
 g - 5 potions of haste
 j - 5 potions of lignification
 k - 3 potions of heal wounds
 m - 2 potions of resistance
 n - 2 potions of brilliance
 p - 3 potions of attraction
 s - a potion of invisibility {unknown}
 t - 2 potions of mutation {unknown}
 u - 2 potions of flight {unknown}


   Skills:
 - Level 2.6 Fighting
 - Level 8.7 Ranged Weapons
 + Level 3.0 Armour
 - Level 4.8 Dodging
 - Level 2.4 Stealth
 + Level 13.9 Spellcasting
 + Level 10.1 Conjurations
 - Level 4.0 Translocations
 - Level 1.9 Transmutations
 - Level 4.9 Ice Magic
 - Level 4.6 Earth Magic
 - Level 6.7 Evocations


You had 21 spell levels left.
You knew the following spells:

 Your Spells              Type           Power      Damage    Failure   Level
a - Sandblast             Erth           80%        2d17      1%          1
b - Stone Arrow           Conj/Erth      100%       3d13      1%          3
c - Frozen Ramparts       Ice            84%        1d13      1%          3
d - Blink                 Tloc           74%        N/A       1%          2
e - Hailstorm             Conj/Ice       53%        3d12      1%          3
f - Iskenderun's Mystic   Conj/Tloc      51%        2d11      1%          4

Your spell library contained the following spells:

 Spells                   Type           Power      Damage    Failure   Level
 Freeze                   Ice            100%       1d10      1%          1
 Shock                    Conj/Air       100%       1d9       1%          1
 Passwall                 Tmut/Erth      27%        N/A       1%          2
 Arcjolt                  Conj/Air       21%        1d31      2%          5
 Manifold Assault         Tloc           37%        N/A       4%          4
 Swiftness                Air            17%        N/A       6%          3
 Airstrike                Air            8%         2d(2-18)  6%          4
 Petrify                  Tmut/Erth      33%        N/A       6%          4
 Storm Form               Tmut/Air       11%        N/A       100%        7
 Maxwell's Capacitive Co  Air            8%         ∞         100%        8


Dungeon Overview and Level Annotations

Branches:
Dungeon (11/15)            Temple (1/1) D:6            Lair (0/5) D:8
    Orc (0/2) D:9         Ossuary (visited)

Altars:
Ashenzari
Cheibriados
Dithmenos
Elyvilon
Fedhas
Gozag
Hepliaklqana
Kikubaaqudgha
Makhleb
Nemelex Xobeh
Okawaru
Qazlal
Ru
Sif Muna
Trog
Uskayaw
Vehumet
Wu Jian
Xom
Yredelemnul
Zin
The Shining One

Shops:
D:7 =**((

Annotations:
D:8 2 transporters, 629fm's ghost, novice GrFi
D:11 Snorg


Message History

You finish putting on your +0 steam dragon scales.
Unknown command.
You start removing your armour.
You continue taking off your +0 steam dragon scales. x4
You finish taking off your +0 steam dragon scales.
You start putting on your armour.
You continue putting on your +0 troll leather armour. x5
You finish putting on your +0 troll leather armour.
The armour throbs as it attunes itself to your uninjured body.
As you read the scroll of identify, it crumbles to dust.
p - 3 potions of attraction Magic restored.
You see here a troll corpse.
Found a great mace.
Snorg the Insatiable comes into view.
Snorg shouts!
You shoot a bolt. The bolt hits Snorg!
The bolt freezes Snorg.
Snorg is moderately wounded.
You shoot a bolt. The bolt hits Snorg!!
The bolt freezes Snorg.
Snorg is heavily wounded.
Casting: Iskenderun's Mystic Blast (safe; 1% risk of failure)
Confirm with . or Enter, or press ? or * to list all spells.
Casting: Hailstorm (safe; 1% risk of failure)
Press: ? - help, Dir - look around, f - activate A cannonade of hail descends around you!
The hail pelts Snorg!!
Snorg is severely wounded.
You shoot a bolt. The bolt hits Snorg!
The bolt freezes Snorg.
Snorg is severely wounded.
Snorg bites you! Snorg claws you. Snorg claws you but does no damage.
Casting: Hailstorm (safe; 1% risk of failure)
Confirm with . or Enter, or press ? or * to list all spells.
You erupt in a blast of force!
The mystic blast hits Snorg!
Snorg is almost dead.
Snorg bites you! Snorg claws you! x2
* * * LOW HITPOINT WARNING * * *
Snorg bites you!
* * * LOW HITPOINT WARNING * * *
Snorg claws you!
You die...

##...)# #.....##
##......##
#........##.
#........#..
.######..........#
................#
#.T@........##
#.####.......# ..
#......## #..
#......# #..
#......# ..
##.†..## . ##...#
###.# #.#


You could see Snorg.

Vanquished Creatures
  Erolcha (D:9)
  Erica (D:9)
  A two-headed ogre (D:10)
  A tengu warrior (D:8)
  Sonja (D:10)
  An oklob plant (D:10)
  Maggie (D:9)
  An unseen horror (D:9)
  A komodo dragon (D:8)
  3 trolls
  A hornet (D:11)
  2 shadows
  9 yaks
  4 wyverns
  2 steam dragons
  Edmund (D:6)
  2 water moccasins
  3 ice beasts
  3 black bears
  4 orc warriors
  A sky beast (D:6)
  12 centaurs
  A phantom (D:4)
  2 kobold brigands
  3 scorpions
  5 bullfrogs
  2 gnoll sergeants
  5 water moccasin zombies (Ossuary)
  9 wights
  15 killer bees
  5 howler monkeys
  6 electric eels (D:5)
  A gnoll bouda (D:9)
  A jelly (D:8)
  9 orc priests
  4 hounds
  7 iguanas
  Jessica (D:3)
  2 sleepcaps
  Ijyb (D:3)
  11 orc wizards
  2 mummies (Ossuary)
  11 gnolls
  7 adders
  5 shadow imps
  2 white imps
  An ufetubus (D:4)
  6 adder zombies (Ossuary)
  A worm (D:2)
  2 dart slugs
  35 orcs
  6 bats
  5 endoplasms
  3 giant cockroaches
  3 gnoll zombies (Ossuary)
  4 goblins
  3 hobgoblins
  A jackal (D:2)
  4 ball pythons
  4 hobgoblin zombies (Ossuary)
  8 kobolds
  3 kobold zombies (Ossuary)
  7 orc zombies (Ossuary)
  2 quokka zombies (D:5)
  8 rats
279 creatures vanquished.

Vanquished Creatures (others)
  31 plants
31 creatures vanquished.

Grand Total: 310 creatures vanquished

Notes
Turn   | Place    | Note
-------+----------+-------------------------------------------
     0 | D:1      | Ijustatesigmund the Deep Elf Earth Elementalist began the
                  | quest for the Orb.
     0 | D:1      | Reached XP level 1. HP: 10/10 MP: 6/6
   774 | D:1      | Reached XP level 2. HP: 15/15 MP: 6/8
  1405 | D:2      | You fall into a shaft and drop 1 floor!
  1414 | D:3      | Reached skill level 4 in Spellcasting
  1414 | D:3      | Reached XP level 3. HP: 19/19 MP: 7/10
  1805 | D:3      | Found a shadowy altar of Dithmenos.
  1848 | D:3      | Learned a level 3 spell: Stone Arrow
  2065 | D:3      | Noticed Ijyb
  2079 | D:3      | Killed Ijyb
  2080 | D:3      | Reached skill level 1 in Ranged Weapons
  2080 | D:3      | Reached skill level 1 in Conjurations
  2080 | D:3      | Reached XP level 4. HP: 21/24 MP: 2/12
  2571 | D:3      | Noticed Jessica
  2575 | D:3      | Killed Jessica
  2576 | D:3      | Reached skill level 5 in Spellcasting
  2808 | D:3      | Reached XP level 5. HP: 28/28 MP: 10/14
  3441 | D:4      | Reached XP level 6. HP: 32/32 MP: 12/16
  3484 | D:4      | Reached skill level 6 in Spellcasting
  3738 | D:4      | Reached XP level 7. HP: 36/36 MP: 11/18
  4162 | D:5      | Entered Level 5 of the Dungeon
  4189 | D:5      | Found a sand-covered staircase.
  4243 | Ossuary  | Entered an ossuary
  4551 | Ossuary  | Reached skill level 7 in Spellcasting
  5410 | Ossuary  | Reached skill level 8 in Spellcasting
  6055 | Ossuary  | Reached skill level 9 in Spellcasting
  6461 | D:5      | Reached XP level 8. HP: 42/42 MP: 16/23
  6857 | D:5      | Reached skill level 1 in Evocations
  6949 | D:5      | Learned a level 3 spell: Frozen Ramparts
  6977 | D:5      | Reached skill level 1 in Ice Magic
  8660 | D:6      | Noticed a troll
  8664 | D:6      | Killed a troll
  8665 | D:6      | Reached skill level 5 in Evocations
  8723 | D:6      | Reached XP level 9. HP: 36/46 MP: 11/24
  8842 | D:6      | Found a staircase to the Ecumenical Temple.
  8848 | Temple   | Entered the Ecumenical Temple
  8938 | Temple   | Became a worshipper of Vehumet
  9315 | D:6      | Identified the +0 ring mail of Hysteria {rPois Will+}
  9351 | D:6      | Reached skill level 5 in Conjurations
  9425 | D:6      | Found a snail-covered altar of Cheibriados.
  9496 | D:6      | Noticed Edmund
  9505 | D:6      | Killed Edmund
  9553 | D:6      | Reached * piety under Vehumet
  9553 | D:6      | Offered knowledge of Foxfire by Vehumet.
  9952 | D:6      | Reached skill level 10 in Spellcasting
 10271 | D:6      | Learned a level 2 spell: Blink
 10463 | D:7      | Reached skill level 1 in Translocations
 10783 | D:7      | Found Bocah's General Store.
 11100 | D:7      | Learned a level 3 spell: Hailstorm
 11120 | D:7      | Offered knowledge of Kiss of Death by Vehumet.
 11232 | D:7      | Identified a scroll of acquirement
 11234 | D:7      | Acquired a +1 hand crossbow of freezing
 11260 | D:7      | Found Riodd's Antique Weapon Boutique.
 11261 | D:7      | Found Hamuamasa's Antique Weapon Boutique.
 11287 | D:7      | Reached ** piety under Vehumet
 11288 | D:7      | Reached skill level 11 in Spellcasting
 11288 | D:7      | Reached XP level 10. HP: 34/51 MP: 15/27
 11487 | D:7      | Found Xuzig's CLEARANCE SALE!.
 11491 | D:7      | Bought a potion of curing for 24 gold pieces
 11537 | D:7      | Found Xonihav's Jewellery Shoppe.
 11705 | D:8      | Reached skill level 5 in Ranged Weapons
 11720 | D:8      | Found a transporter.
 11721 | D:8      | Noticed 629fm's ghost (novice GrFi)
 11724 | D:8      | Found a transporter.
 11725 | D:8      | Identified the +5 great mace "Tisko" {venom, Dex+3}
 11725 | D:8      | Identified the +6 dire flail of Analysis {drain, rN+ Str+2}
 11725 | D:8      | Noticed a two-headed ogre
 11774 | D:8      | Identified the +0 sling of the King {antimagic, Will+
                  | Int+3}
 12320 | D:8      | Reached skill level 1 in Fighting
 12522 | D:8      | Found a staircase to the Lair.
 13247 | D:8      | Noticed a tengu warrior
 13257 | D:8      | Killed a tengu warrior
 13526 | D:8      | Reached skill level 12 in Spellcasting
 13735 | D:8      | Got the Spellbook of Astrapomancy
 14075 | D:9      | Offered knowledge of Ignite Poison by Vehumet.
 14447 | D:9      | Noticed Erolcha
 14461 | D:9      | Killed Erolcha
 14462 | D:9      | Reached XP level 11. HP: 18/59 MP: 14/29
 14672 | D:9      | Noticed Erica
 14681 | D:9      | Killed Erica
 15172 | D:9      | Reached *** piety under Vehumet
 15704 | D:9      | Noticed Maggie
 15718 | D:9      | Killed Maggie
 15719 | D:9      | Reached skill level 13 in Spellcasting
 15905 | D:9      | Found a staircase to the Orcish Mines.
 16120 | D:10     | Entered Level 10 of the Dungeon
 16258 | D:10     | Offered knowledge of Iskenderun's Mystic Blast by Vehumet.
 16328 | D:9      | Learned a level 4 spell: Iskenderun's Mystic Blast
 16496 | D:10     | Noticed a two-headed ogre
 16507 | D:10     | Killed a two-headed ogre
 16508 | D:10     | Reached skill level 1 in Armour
 16904 | D:10     | Noticed Sonja
 16910 | D:10     | Killed Sonja
 17136 | D:10     | Found a blossoming altar of Fedhas.
 17152 | D:10     | Noticed an oklob plant
 17158 | D:10     | Killed an oklob plant
 17159 | D:10     | Reached skill level 10 in Conjurations
 17454 | D:11     | HP: 2/59 [centaur/arrow (6)]
 17861 | D:11     | Noticed Snorg
 17867 | D:11     | Mangled by Snorg

Illustrated notes

Levels and vault maps discovered:
D:1:      dpeg_arrival_court, layout_loops_corners,
          chequers_serial_rivers_small_b, kennysheep_small_spiral
D:2:      layout_loops_ring, minmay_small_reverse_x
D:3:      layout_basic, grunt_dithmenos_smoke, hangedman_decor_points,
          nrook_uturn, uniq_ijyb, uniq_jessica
D:4:      layout_cave_pools
D:5:      cheibrodos_two_vegetables, layout_basic, enter_ossuary_4,
          nicolae_kite_square_tiling_tiny
D:6:      layout_gridville, kennysheep_slug_shrine, minmay_temple_entry_hall,
          dk_vineyard_3, minmay_manual_mess, uniq_edmund
D:7:      layout_loops_cross, serial_shops, shop,
          nicolae_shop_distant_corner_stores, nicolae_shop_clearance
D:8:      layout_loops_corners, dpeg_oklobed_lair, gammafunk_ghost_smash,
          nzn_random_ring
D:9:      layout_loops_corners, orc_0_dummy, kennysheep_donut, st_stairs_5,
          uniq_maggie, uniq_erolcha, uniq_erica
D:10:     layout_long_grid, tgw_fedhas, uniq_sonja
D:11:     layout_cave_pods, serial_park, serial_park_square3
          [serial_park_minivault_5x5_8], serial_park_avenue1,
          serial_park_tiny_1, serial_park_avenue1, serial_park_tiny_pond,
          nicolae_trove_entry_path_of_doom, uniq_maurice, uniq_fannar,
          uniq_grum, uniq_snorg
Temple:   hellmonk_temple_of_storms

Skill      XL: |  1  2  3  4  5  6  7  8  9 10 11 |
---------------+----------------------------------+-----
Spellcasting   | 4 5 6 9 11 12 13 | 13.9
Earth Magic    | 4 |  4.6
Ranged Weapons | 1 2 3 4 7 8 |  8.7
Conjurations   | 1 2 3 4 6 8 10 | 10.1
Dodging        | 3 4 |  4.8
Evocations     | 5 6 |  6.7
Ice Magic      | 4 |  4.9
Translocations | 2 4 |  4.0
Fighting       | 2 |  2.6
Armour         | 3 |  3.0
Stealth        | |  2.4
Transmutations | |  1.9

Action                     |  1- 3 |  4- 6 |  7- 9 | 10-12 || total
---------------------------+-------+-------+-------+-------++-------
   Fire: Sling             |    64 |    20 |       |       ||    84
         Shortbow          |       |     6 |   215 |       ||   221
         Hand crossbow     |       |       |     3 |   182 ||   185
   Cast: Sandblast         |    29 |    13 |    44 |       ||    86
         Stone Arrow       |     4 |    15 |    99 |    63 ||   181
         Frozen Ramparts   |       |       |    12 |    18 ||    30
         Hailstorm         |       |       |     2 |     7 ||     9
         Blink             |       |       |       |     2 ||     2
         Iskenderun's Myst |       |       |       |    19 ||    19
  Evoke: Wand              |       |       |     3 |     1 ||     4
    Use: Scroll            |     6 |       |    12 |     4 ||    22
         Potion            |     2 |       |     2 |     1 ||     5
 Armour: Robe              |    11 |     4 |    27 |       ||    42
         Steam dragon scal |       |       |       |    27 ||    27
         Swamp dragon scal |       |       |       |    10 ||    10
         Troll leather arm |       |       |       |     1 ||     1
  Dodge: Dodged            |    19 |    12 |    63 |    79 ||   173

Table legend: (Time is in decaauts)
 A = Elapsed time spent in this place.
 B = Non-inter-level travel time spent in this place.
 C = Inter-level travel time spent in this place.
 D = Time resting spent in this place.
 E = Time spent auto-exploring this place.
 F = Levels seen in this place.
 G = Mean time per level.
                   A        B        C        D        E       F      G
               +--------+--------+--------+--------+--------+-----+--------+
         Total |  18159 |  17772 |    387 |   8606 |   7203 |  13 | 1396.8 |
       Dungeon |  16029 |  15658 |    371 |   6904 |   7057 |  11 | 1457.2 |
        Temple |    105 |     90 |     15 |      0 |     18 |   1 |  105.0 |
       Ossuary |   2024 |   2024 |      0 |   1702 |    128 |   1 | 2024.0 |
               +--------+--------+--------+--------+--------+-----+--------+

Top non-repeatable levels by time:
     D:8: 2472 daAuts
     D:5: 2398 daAuts
     D:9: 2104 daAuts
 Ossuary: 2024 daAuts
     D:6: 1921 daAuts
    D:10: 1499 daAuts
     D:3: 1427 daAuts
     D:7: 1188 daAuts
     D:4: 1017 daAuts
     D:1: 1015 daAuts
     D:2: 758 daAuts
    D:11: 224 daAuts
  Temple: 105 daAuts
